 Dungeon Crawl Stone Soup version 0.28.0-53-g5a82cb258f (webtiles) character file.

Game seed: 14995734683166574019

526 Stomo the Chiller (level 7, 35/55 HPs)
             Began as a Red Draconian Ice Elementalist on July 9, 2022.
             Was an Initiate of the Shining One.
             Quit the game on level 5 of the Dungeon.
             The game lasted 00:06:22 (4836 turns).

Stomo the Chiller (Red Draconian Ice Elementalist)  Turns: 4836, Time: 00:06:22

Health: 35/55      AC:  6    Str: 19    XL:     7   Next: 2%
Magic:  19/21      EV: 13    Int: 15    God:    the Shining One [......]
Gold:   155        SH:  0    Dex: 11    Spells: 9/13 levels left

rFire   + . .      SeeInvis .   f - +0 whip
rCold   . . .      Faith    .   (no shield)
rNeg    . . .      Spirit   .   (armour unavailable)
rPois   .          Reflect  .   (helmet restricted)
rElec   .          Harm     .   (no cloak)
rCorr   .          Rampage  .   (no gloves)
Will    .....                   (no boots)
Stlth   +.........              (no amulet)
HPRegen 0.18/turn               k - +6 ring of strength
MPRegen 0.17/turn               j - ring of magical power

@: glowing
A: breathe fire, AC +6, unfitting armour, fire resistance 1, cold-blooded
a: Breathe Fire, Renounce Religion


You were on level 5 of the Dungeon.
You worshipped the Shining One.
The Shining One was noncommittal.
You visited 2 branches of the dungeon, and saw 5 of its levels.

You collected 155 gold pieces.

Inventory:

Hand Weapons
 e - a +0 club
 f - a +0 whip (weapon)
Jewellery
 a - a ring of resist corrosion
 j - a ring of magical power (right hand)
 k - a +6 ring of strength (left hand)
Scrolls
 b - a scroll of teleportation {unknown}
 c - a scroll of fog {unknown}
 h - a scroll of vulnerability {unknown}
 i - 2 scrolls of identify {unknown}
Potions
 d - a potion of resistance {unknown}
 g - a potion of brilliance {unknown}


   Skills:
 * Level 2.1 Fighting
 * Level 1.9 Maces & Flails
 + Level 3.8 Dodging
 - Level 1.7 Stealth
 + Level 3.9 Spellcasting
 + Level 4.5 Ice Magic
 + Level 0.9 Invocations


You had 9 spell levels left.
You knew the following spells:

 Your Spells              Type           Power      Damage    Failure   Level
a - Freeze                Ice            64%        1d8       2%          1
b - Frozen Ramparts       Ice            32%        1d5       9%          3

Your spell library contained the following spells:

 Spells                   Type           Power      Damage    Failure   Level
 Ozocubu's Armour         Ice            16%        N/A       9%          3
 Beastly Appendage        Tmut           4%         N/A       19%         1
 Sublimation of Blood     Necr           2%         N/A       28%         2
 Wereblood                Tmut           2%         N/A       28%         2
 Spider Form              Tmut/Pois      2%         N/A       50%         3
 Tukima's Dance           Hex            2%         N/A       50%         3
 Hailstorm                Conj/Ice       9%         3d4       56%         4
 Anguish                  Hex/Necr       1%         N/A       88%         4
 Enfeeble                 Hex            1%         N/A       100%        7
 Summon Hydra             Summ           1%         N/A       100%        7


Dungeon Overview and Level Annotations

Branches:
Dungeon (5/15)             Temple (1/1) D:5

Altars:
Cheibriados
Dithmenos
Elyvilon
Fedhas
Hepliaklqana
Kikubaaqudgha
Nemelex Xobeh
Okawaru
Qazlal
Sif Muna
Trog
Vehumet
Xom
Zin
The Shining One

Shops:
D:3 *?


Innate Abilities, Weirdness & Mutations

You can breathe blasts of fire.
Your fiery red scales are hard. (AC +6)
You cannot fit into any form of body armour.
Your flesh is heat resistant. (rF+)
You are cold-blooded and may be slowed by cold attacks.


Message History

You barely miss the centaur.
The centaur is severely wounded.
The hound skeleton completely resists.
The wall freezes the hound skeleton but does no damage.
The wall freezes the centaur.
The centaur hits you.
The centaur kicks you but does no damage.
You barely miss the centaur. You tail-slap the centaur.
The centaur is almost dead.
The hound skeleton completely resists.
The wall freezes the hound skeleton but does no damage.
The wall freezes the centaur.
You kill the centaur!
The hound skeleton completely resists.
The wall freezes the hound skeleton but does no damage.
Your Fighting skill increases to level 2!
You hit the hound skeleton.
The hound skeleton is moderately damaged.
The hound skeleton completely resists.
The wall freezes the hound skeleton but does no damage.
The hound skeleton bites you but does no damage.
You barely miss the hound skeleton.
The hound skeleton is moderately damaged.
The frozen ramparts melt away.
The hound skeleton bites you.
You hit the hound skeleton.
The hound skeleton is heavily damaged.
The hound skeleton misses you. The hound skeleton bites you.
You barely miss the hound skeleton. You tail-slap the hound skeleton.
The hound skeleton is severely damaged.
The hound skeleton bites you but does no damage.
You whack the hound skeleton!
You destroy the hound skeleton!
The Shining One accepts your kill.
You have reached level 7!
Your scales start taking on a fiery red colour.
You learn Fire Magic much quicker.
You learn Ice Magic much slower.
Your Ice Magic skill decreases to level 4!
You can breathe blasts of fire.
You feel resistant to heat.
Unknown command.
Are you sure you want to abandon this character and quit the game? (Confirm with "yes".)

.#.#...###...# #..#
.#.###...#.#.# ##.#
##...###...#.####.#
#........#.#......#
#..>..##...######.#
......#..#### #.#
##...##..# ##. #.#
###.#...###...##.#####
...#.#..+......)@†....#
........####...##.###.#
....#..## ##. #.# #..
..# # ..# ..# .## . #(


There were no monsters in sight!

Vanquished Creatures
  An ogre (D:5)
  A centaur (D:5)
  A scorpion (D:5)
  An orc priest (D:3)
  An iguana (D:3)
  A hound skeleton (D:5)
  Robin (D:2)
  7 gnolls
  9 adders
  3 worms
  2 orcs (D:3)
  7 ball pythons
  4 bats
  7 endoplasms
  2 giant cockroaches
  11 goblins
  6 hobgoblins
  3 jackals (D:2)
  5 frilled lizards
  2 kobolds (D:2)
  5 rats
80 creatures vanquished.

Notes
Turn   | Place    | Note
-------+----------+-------------------------------------------
     0 | D:1      | Stomo the Draconian Ice Elementalist began the quest for
                  | the Orb.
     0 | D:1      | Reached XP level 1. HP: 14/14 MP: 3/3
   353 | D:1      | Reached XP level 2. HP: 13/20 MP: 5/5
   585 | D:1      | Found a faded altar of an unknown god.
  1214 | D:2      | Reached XP level 3. HP: 24/26 MP: 3/6
  1225 | D:2      | Learned a level 3 spell: Frozen Ramparts
  1533 | D:2      | Noticed Robin
  1645 | D:2      | Killed Robin
  1671 | D:2      | Reached XP level 4. HP: 31/33 MP: 0/8
  2658 | D:3      | Found Kukoroot's Assorted Antiques.
  2784 | D:3      | Found Nare Wot's Magic Scroll Shoppe.
  3167 | D:3      | Reached XP level 5. HP: 18/38 MP: 5/9
  3378 | D:3      | Reached skill level 5 in Ice Magic
  4214 | D:3      | You fall into a shaft and drop 2 floors!
  4214 | D:5      | Entered Level 5 of the Dungeon
  4221 | D:5      | Noticed an ogre
  4231 | D:5      | Killed an ogre
  4232 | D:5      | Reached skill level 1 in Fighting
  4232 | D:5      | Reached skill level 1 in Maces & Flails
  4232 | D:5      | Reached XP level 6. HP: 40/47 MP: 6/11
  4312 | D:5      | Found a staircase to the Ecumenical Temple.
  4322 | Temple   | Entered the Ecumenical Temple
  4566 | Temple   | Became a worshipper of the Shining One
  4836 | D:5      | Your scales start taking on a fiery red colour.
  4836 | D:5      | Reduced skill Ice Magic to level 4
  4836 | D:5      | Reached XP level 7. HP: 35/55 MP: 12/12
  4836 | D:5      | Gained mutation: Your flesh is heat resistant. (rF+) [Red
                  | Draconian growth]
  4836 | D:5      | Quit the game

Illustrated notes

Levels and vault maps discovered:
D:1:      minmay_arrival_arboretum_small, layout_basic,
          ebering_ecumenical_altar_ruins
D:2:      layout_basic, uniq_robin
D:3:      layout_loops_ring, serial_shops, nicolae_shop_behind_doors,
          nicolae_shop_competitors_out_of_business, grunt_ministairs_3,
          kennysheep_generic_room_7
D:5:      layout_loops_corners, minmay_temple_entry_slanted,
          nicolae_elevator_lobby_plus
Temple:   regret_index_temple_waves

Skill      XL: |  1  2  3  4  5  6 |
---------------+-------------------+-----
Dodging        | 2 3 |  3.8
Spellcasting   | 3 |  3.9
Ice Magic      | 5 4 |  4.5
Fighting       | 1 2 |  2.1
Maces & Flails | 1 |  1.9
Stealth        | |  1.7
Invocations    | |  0.9

Action                   |  1- 3 |  4- 6 |  7- 9 || total
-------------------------+-------+-------+-------++-------
Melee: Unarmed           |    34 |       |       ||    34
       Tailslap          |     9 |    12 |       ||    21
       Whip              |    34 |   109 |       ||   143
       Punch             |     1 |     5 |       ||     6
 Cast: Freeze            |    29 |       |       ||    29
       Frozen Ramparts   |     3 |    16 |       ||    19
 Stab: Sleeping          |     1 |     3 |       ||     4
Armor: Skin              |    28 |    35 |       ||    63
Dodge: Dodged            |    62 |    73 |       ||   135
